 Dungeon Crawl Stone Soup version 0.27-a0-3-gcf006a40f5 (webtiles) character file.

Game seed: 14174576296219510659

350 Goblin1989 the Changer (level 6, -4/55 HPs)
             Began as an Ogre Transmuter on Jan 1, 2021.
             Slain by a gnoll
             ... wielding a +0 halberd
              (11 damage)
             ... on level 4 of the Dungeon.
             The game lasted 00:21:02 (4667 turns).

Goblin1989 the Changer (Ogre Transmuter)            Turns: 4667, Time: 00:21:02

Health: -4/55      AC:  2    Str: 15    XL:     6   Next: 60%
Magic:  8/12       EV: 19    Int: 16    God:
Gold:   160        SH:  0    Dex: 14    Spells: 7/13 levels left

rFire    . . .     SeeInvis .     - Unarmed
rCold    . . .     Faith    .   (shield currently unavailable)
rNeg     . . .     Spirit   .   (armour currently unavailable)
rPois    x         Reflect  .   (helmet currently unavailable)
rElec    .         Harm     .   (cloak currently unavailable)
rCorr    +         Rampage  .   (gloves unavailable)
Will     .....                  (boots unavailable)
Stlth    +.........             f - amulet of the acrobat
HPRegen  0.18/turn              l - ring of flight
MPRegen  0.13/turn              g - ring of resist corrosion

@: spider-form, glowing
A: tiny, unfitting armour
a: End Transformation, Evoke Flight


You were on level 4 of the Dungeon.
You were a venomous arachnid creature.
You visited 1 branch of the dungeon, and saw 4 of its levels.

You collected 160 gold pieces.

Inventory:

Hand Weapons
 r - a +1 dagger of protection
Missiles
 b - 184 stones {@Q3}
 d - 41 sling bullets
 Z - a throwing net {!d , @Q1}
Armour
 a - a +0 robe (melded)
Jewellery
 f - an amulet of the acrobat (around neck)
 g - a ring of resist corrosion (right front leg)
 l - a ring of flight (left front leg)
Scrolls
 e - a scroll of teleportation {unknown}
 h - a scroll of remove curse {unknown}
 i - a scroll of random uselessness {unknown}
 j - 3 scrolls of amnesia {unknown}
 o - a scroll of magic mapping {unknown}
 s - a scroll of blinking {unknown}
 R - 3 scrolls of identify {@r1}
 Y - a scroll of immolation {unknown}
Potions
 k - a potion of magic {unknown}
 m - 3 potions of brilliance
 n - a potion of invisibility {unknown}
 p - a potion of mutation {unknown}
 q - a potion of berserk rage {unknown}
 t - a potion of curing {@q1}


   Skills:
 - Level 1.3 Fighting
 - Level 1.7 Dodging
 - Level 2.6 Unarmed Combat
 - Level 4.0 Spellcasting
 + Level 4.3 Transmutations
 + Level 3.2 Poison Magic


You had 7 spell levels left.
You knew the following spells:

 Your Spells              Type           Power        Failure   Level
a - Beastly Appendage     Tmut           34%          11%         1
b - Spider Form           Tmut/Pois      7%           26%         3
c - Wereblood             Tmut           17%          13%         2

Your spell library contained the following spells:

 Spells                   Type           Power        Failure   Level
 Ice Form                 Ice/Tmut       10%          77%         4
 Blade Hands              Tmut           8%           82%         5


Dungeon Overview and Level Annotations

Branches:
Dungeon (4/15)
 Temple: D:4-7

Altars:
Dithmenos
Fedhas
Gozag
Kikubaaqudgha
Qazlal
Vehumet
Xom
Yredelemnul
Zin


Innate Abilities, Weirdness & Mutations

You are too large for most types of armour.
((You have tough skin. (AC +1)))


Message History

You feel sick.
You take 4 damage, and have 44/55 hp.
You start resting.
You feel sick. x3
Your transformation has ended.
Your +0 robe unmelds from your body.
You take 2 damage, and have 42/55 hp.
You start resting.
Magic restored.
You feel sick. x4
You are no longer poisoned.
You take 1 damage, and have 41/55 hp.
MP restored: 12 You start resting.
HP restored.
Health restored: 55 A leopard gecko comes into view.
There is a stone staircase leading up here.
Casting: Spider Form (dangerous; 11% risk of failure)
Confirm with . or Enter, or press ? or * to list all spells.
You miscast Spider Form.
You are very lightly contaminated with residual magic.
You feel very strange.
The leopard gecko hisses angrily.
You now have 9/12 mp.
You hit the leopard gecko.
The leopard gecko is severely wounded.
The leopard gecko closely misses you.
You hit the leopard gecko.
You kill the leopard gecko!
You see here a leopard gecko corpse.
c - 4 scrolls labelled UCVUH MYOSTRIH (gained 1)
There is a stone staircase leading down here.
Found 23 bolts.
A gnoll comes into view. It is wielding a +0 spear.
Casting: Spider Form (dangerous; 11% risk of failure)
Confirm with . or Enter, or press ? or * to list all spells.
You turn into a venomous arachnid creature.
Your +0 robe melds into your body.
The gnoll shaman shouts!
The gnoll shouts!
You hear a shout!
You now have 8/12 mp.
The gnoll shaman invokes the aid of its god against you.
You are outlined in light.
Your magical contamination has completely faded away.
Your transformation is almost over.
The gnoll hits you but does no damage.
You bite the gnoll!
The gnoll is heavily wounded.
The gnoll hits you with a +0 spear.
You take 4 damage, and have 51/55 hp.
The gnoll shouts!
You hit the gnoll shaman.
The gnoll shaman is poisoned.
The gnoll shaman is moderately wounded.
The gnoll hits you with a +0 spear.
The gnoll shaman hits you with a +0 club.
You take 5 damage, and have 46/55 hp.
You barely miss the gnoll.
The gnoll is heavily wounded.
Your transformation has ended.
Your +0 robe unmelds from your body.
The gnoll hits you but does no damage.
The gnoll shaman hits you with a +0 club.
You take 4 damage, and have 42/55 hp.
Press: ? - help, v - describe, . - travel The floor.
There are monsters nearby!
Casting: Spider Form (dangerous; 11% risk of failure)
Confirm with . or Enter, or press ? or * to list all spells.
You turn into a venomous arachnid creature.
Your +0 robe melds into your body.
The gnoll shouts! x2
The gnoll barely misses you.
The gnoll shaman hits you with a +0 club!
You take 8 damage, and have 34/55 hp.
You now have 7/12 mp.
Unknown command.
You hit the gnoll.
The gnoll is poisoned.
The gnoll is almost dead.
The gnoll drinks a potion.
The gnoll is healed!
The gnoll looks more healthy.
The gnoll shaman hits you with a +0 club!
You take 7 damage, and have 27/55 hp.
You hit the gnoll.
The gnoll is poisoned.
The gnoll is heavily wounded.
The gnoll hits you with a +0 spear.
* * * LOW HITPOINT WARNING * * *
You take 5 damage, and have 22/55 hp.
You barely miss the gnoll shaman.
The gnoll shaman is heavily wounded.
You are no longer glowing.
The gnoll shaman invokes the aid of its god against you.
You are outlined in light.
The gnoll misses you.
The gnoll hits you from afar with a +0 halberd!
* * * LOW HITPOINT WARNING * * *
The gnoll hits you with a +0 whip.
* * * LOW HITPOINT WARNING * * *
You take 12 damage, and have 10/55 hp.
MASSIVE DAMAGE!!
As you read the scroll labelled UCVUH MYOSTRIH, it crumbles to dust.
It is a scroll of identify.
m - 3 potions of brilliance;
R - 3 scrolls of identify The gnoll hits you with a +0 spear.
* * * LOW HITPOINT WARNING * * *
The gnoll misses you.
The gnoll hits you from afar with a +0 halberd!
You die...

.█..........█...█.....█..██
............█...........██
....................█...█
.......................██
...†██.................█
.██.█..................█
██.................██..█
.....██.██.......g.██.██
................sg.████
..█.....██..██...g.█
..█...██ ██.████gg<██
.....██ ██....█....██ ███ .
.......
.█..........†██..██..
█..██..
.......█............. ██.█
..................... .█ ..
..█..................
......
..........>....█.█...


You could see a gnoll shaman (very poisoned) and 4 gnolls.

Vanquished Creatures
  A howler monkey (D:2)
  3 jellies (D:2)
  A worker ant (D:4)
  5 gnolls
  An adder (D:3)
  8 oozes (D:2)
  2 worms (D:2)
  3 dart slugs (D:1)
  3 leopard geckos
  6 orcs (D:3)
  4 giant cockroaches
  6 hobgoblins
  4 jackals (D:3)
  15 kobolds
  A ball python (D:4)
  9 bats
  5 frilled lizards
  7 goblins
  6 rats
90 creatures vanquished.

Vanquished Creatures (others)
  11 fungi
  3 plants (D:3)
  7 toadstools (D:2)
21 creatures vanquished.

Grand Total: 111 creatures vanquished

Notes
Turn   | Place    | Note
-------+----------+-------------------------------------------
     0 | D:1      | Goblin1989 the Ogre Transmuter began the quest for the Orb.
     0 | D:1      | Reached XP level 1. HP: 19/19 MP: 3/3
    36 | D:1      | Reached XP level 2. HP: 20/27 MP: 2/5
   549 | D:1      | Reached XP level 3. HP: 30/33 MP: 7/7
   553 | D:1      | Learned a level 3 spell: Spider Form
   939 | D:1      | Goblin1989: !apt og
   939 | D:1      | meem: Og: Fighting: 3, Short: -1, Long: -1, Axes: 0, Maces:
                  | -1, Polearms: 0, Staves: 0, Slings: -3, Bows: -3, Xbows:
                  | -3, Throw: 0, Armour: -2, Dodge: -1, Stealth: -2, Shields:
                  | -1, UC: -1, Splcast: 1, Conj: -1, Hexes: -1, Charms: N/A,
                  | Summ: -1, Nec: -1, Tloc: -1, Tmut: -1, Fire: -1, Ice: -1,
                  | Air: -1, Earth: -1, Poison: -1, Inv: 1, Evo: -2, Exp: 0,
                  | HP: 3!, MP: 0
   961 | D:1      | Learned a level 2 spell: Wereblood
  1518 | D:2      | Found a shimmering altar of Xom.
  1782 | D:2      | Reached skill level 1 in Poison Magic
  1782 | D:2      | Reached XP level 4. HP: 24/41 MP: 7/9
  2023 | D:2      | You fall into a shaft and drop 1 floor!
  2084 | D:3      | Reached XP level 5. HP: 17/48 MP: 3/11
  2510 | D:3      | Found a radiant altar of Vehumet.
  2519 | D:3      | Found a basalt altar of Yredelemnul.
  2519 | D:3      | Found an opulent altar of Gozag.
  2529 | D:3      | Found a glowing silver altar of Zin.
  2533 | D:3      | Found a shadowy altar of Dithmenos.
  2733 | D:3      | Found a hazy altar of Hepliaklqana.
  2735 | D:3      | Found a snail-covered altar of Cheibriados.
  2735 | D:3      | Found a shimmering altar of Xom.
  2737 | D:3      | Found a shadowy altar of Dithmenos.
  2737 | D:3      | Found a sacrificial altar of Ru.
  2737 | D:3      | Found a shimmering blue altar of Sif Muna.
  2828 | D:3      | Found a stormy altar of Qazlal.
  2839 | D:3      | Found an ancient bone altar of Kikubaaqudgha.
  2904 | D:3      | Found a blossoming altar of Fedhas.
  3642 | D:2      | Reached XP level 6. HP: 41/55 MP: 9/12
  4229 | D:4      | Noticed a phantom
  4667 | D:4      | Slain by a gnoll

Illustrated notes

Levels and vault maps discovered:
D:1:      eino_arrival_druids_welcome, layout_basic
D:2:      cheibrodos_fertilizer, layout_basic, lemuel_altar_in_water
D:3:      layout_rooms, grunt_temple_overflow_forces_of_nature,
          doesnt_xom_only_xom, lemuel_round_altar,
          minmay_overflow_temple_star_hex
D:4:      layout_cave_pools, nicolae_qazlal_style_of_elements

Skill      XL: |  1  2  3  4  5  6 |
---------------+-------------------+-----
Transmutations | 2 3 4 |  4.3
Spellcasting   | 3 4 |  4.0
Poison Magic   | 1 2 3 |  3.2
Fighting       | |  1.3
Dodging        | |  1.7
Unarmed Combat | |  2.6

Action                   |  1- 3 |  4- 6 || total
-------------------------+-------+-------++-------
Melee: Unarmed           |   151 |   233 ||   384
       Kick              |    16 |       ||    16
       Headbutt          |    11 |       ||    11
 Cast: Beastly Appendage |    26 |     2 ||    28
       Spider Form       |     1 |    32 ||    33
 Abil: End Transformatio |     1 |       ||     1
  Use: Scroll            |       |     1 ||     1
Armor: Robe              |    46 |    14 ||    60
       Skin              |       |    14 ||    14
Dodge: Dodged            |    98 |   154 ||   252

Table legend: (Time is in decaauts)
 A = Elapsed time spent in this place.
 B = Non-inter-level travel time spent in this place.
 C = Inter-level travel time spent in this place.
 D = Time resting spent in this place.
 E = Time spent auto-exploring this place.
 F = Levels seen in this place.
 G = Mean time per level.
                   A        B        C        D        E       F      G
               +--------+--------+--------+--------+--------+-----+--------+
         Total |   4655 |   4491 |    164 |   1399 |   1861 |   4 | 1163.8 |
       Dungeon |   4655 |   4491 |    164 |   1399 |   1861 |   4 | 1163.8 |
               +--------+--------+--------+--------+--------+-----+--------+

Top non-repeatable levels by time:
     D:2: 1901 daAuts
     D:1: 1269 daAuts
     D:3: 1137 daAuts
     D:4: 347 daAuts
